 Dungeon Crawl Stone Soup version 0.28-a0-206-gc2c9e32840 (webtiles) character file.

Game seed: 10863992014557649774

109 rabbitsville the Chopper (level 4, 0/41 HPs)
             Began as a Minotaur Berserker on Aug 20, 2021.
             Was a Follower of Trog.
             Slain by a gnoll (5 damage)
             ... on level 3 of the Dungeon.
             The game lasted 00:04:18 (2197 turns).

rabbitsville the Chopper (Minotaur Berserker)       Turns: 2197, Time: 00:04:19

Health: 0/41       AC:  3    Str: 23    XL:     4   Next: 60%
Magic:  3/3        EV: 12    Int:  4    God:    Trog [*.....]
Gold:   73         SH:  5    Dex:  9    Spells: 3/3 levels left

rFire   . . .      SeeInvis .   a - +0 hand axe
rCold   . . .      Faith    .   (no shield)
rNeg    . . .      Spirit   .   b - +0 animal skin
rPois   .          Reflect  +   (helmet restricted)
rElec   .          Harm     .   (no cloak)
rCorr   .          Rampage  .   (no gloves)
Will    .....                   f - +0 pair of boots
Stlth   +.........              g - amulet of reflection
HPRegen 0.13/turn               (no ring)
MPRegen 0.08/turn               (no ring)

@: no status effects
A: horns 2, retaliatory headbutt
a: Renounce Religion, Berserk


You were on level 3 of the Dungeon.
You worshipped Trog.
Trog was aware of your devotion.
You visited 1 branch of the dungeon, and saw 3 of its levels.

You collected 73 gold pieces.

Inventory:

Hand Weapons
 a - a +0 hand axe (weapon)
Missiles
 m - 16 poisoned darts (quivered)
Armour
 b - a +0 animal skin (worn)
 f - a +0 pair of boots (worn)
Jewellery
 g - an amulet of reflection (around neck)
Scrolls
 c - 2 scrolls of enchant weapon {unknown}
 e - a scroll of enchant armour {unknown}
 h - 2 scrolls of teleportation {unknown}
 i - 2 scrolls of blinking {unknown}
 k - a scroll of fear {unknown}
 n - a scroll of amnesia {unknown}
Potions
 d - 2 potions of curing {unknown}
 j - a potion of degeneration {unknown}
 l - 2 potions of invisibility {unknown}


   Skills:
 + Level 4.7 Fighting
 * Level 5.8 Axes
 - Level 2.4 Armour
 - Level 2.1 Dodging


You had 3 spell levels left.
You didn't know any spells.
Your spell library was empty.

Dungeon Overview and Level Annotations

Branches:
Dungeon (3/15)

Altars:


Innate Abilities, Weirdness & Mutations

You have a pair of horns on your head.
You reflexively headbutt those who attack you in melee.


Message History

The gnoll hits you from afar with a +0 spear.
You block the gnoll's attack.
You hit the gnoll but do no damage.
The gnoll is moderately wounded.
You block the gnoll's attack. The gnoll hits you with a +0 whip.
You hit the gnoll.
The gnoll is heavily wounded.
The gnoll misses you. The gnoll hits you with a +0 whip.
You hit the gnoll but do no damage.
You headbutt the gnoll, but do no damage.
The gnoll is heavily wounded.
The gnoll hits you from afar with a +0 spear.
The gnoll hits you with a +0 whip.
You hit the gnoll but do no damage. You headbutt the gnoll.
The gnoll is severely wounded.
You block the gnoll's attack. The gnoll misses you.
You closely miss the gnoll. You headbutt the gnoll.
You kill the gnoll!
Trog accepts your kill.
The gnoll hits you from afar with a +0 spear.
The gnoll misses you. The gnoll barely misses you. You furiously retaliate!
You headbutt the gnoll, but do no damage.
Things that are here:
a +0 whip; a gnoll corpse You slash the gnoll!
Your headbutt misses the gnoll.
The gnoll is heavily wounded.
The gnoll hits you from afar with a +0 spear!
The gnoll hits you with a +0 spear.
* * * LOW HITPOINT WARNING * * *
You slash the gnoll!
You kill the gnoll!
Trog accepts your kill. The gnoll closely misses you.
The gnoll hits you from afar with a +0 spear.
* * * LOW HITPOINT WARNING * * *
The gnoll hits you but does no damage.
You slash the gnoll!
The gnoll is heavily wounded.
The gnoll hits you with a +0 spear.
You die...

#.######.) #.≈≈≈≈
#......... #.≈≈≈≈
#.######.#
#.≈≈≈#####.#≈≈≈≈≈.#
#..≈≈#.....#≈≈≈≈..# #
#.≈≈##..#.#≈≈≈≈.## #.
#..##.#.###≈≈≈..#
####..####...####≈≈≈≈..##
......))g@....≈≈≈≈≈...##
#####!####..........### #
############


You could see a gnoll.

Vanquished Creatures
  An orc wizard (D:3)
  2 gnolls (D:3)
  2 adders (D:2)
  A worm (D:2)
  A dart slug (D:1)
  4 orcs (D:3)
  7 ball pythons
  A bat (D:1)
  2 endoplasms (D:1)
  2 giant cockroaches (D:2)
  2 goblins
  A hobgoblin (D:1)
  5 kobolds
  3 quokkas
  3 frilled lizards
  4 rats
41 creatures vanquished.

Notes
Turn   | Place    | Note
-------+----------+-------------------------------------------
     0 | D:1      | rabbitsville the Minotaur Berserker began the quest for the
                  | Orb.
     0 | D:1      | Reached XP level 1. HP: 19/19 MP: 0/0
   221 | D:1      | Reached skill level 4 in Axes
   305 | D:1      | Reached XP level 2. HP: 26/27 MP: 1/1
   889 | D:2      | Found a faded altar of an unknown god.
   911 | D:2      | Reached XP level 3. HP: 26/33 MP: 2/2
  1266 | D:2      | Reached skill level 5 in Axes
  1929 | D:3      | Reached XP level 4. HP: 14/41 MP: 3/3
  2197 | D:3      | Slain by a gnoll

Illustrated notes

Levels and vault maps discovered:
D:1:      tarquinn_simple_flora_water_a, layout_loops_ring
D:2:      layout_loops_ring, chequers_ecumenical_altar_simple
D:3:      layout_basic, serial_shops, shop, minmay_misc_feat_rugged,
          glass_columns_c, grunt_decor_junction, uniq_sigmund

Skill      XL: |  1  2  3 |
---------------+----------+-----
Axes           | 4 5 |  5.8
Fighting       | 4 |  4.7
Armour         | |  2.4
Dodging        | |  2.1

Action                   |  1- 3 |  4- 6 || total
-------------------------+-------+-------++-------
Melee: Hand axe          |    93 |    12 ||   105
       Headbutt          |    11 |     3 ||    14
Armor: Animal skin       |    20 |     2 ||    22
Dodge: Dodged            |    47 |     6 ||    53
Block: Other             |    12 |     3 ||    15
       Reflection        |     1 |       ||     1

Table legend: (Time is in decaauts)
 A = Elapsed time spent in this place.
 B = Non-inter-level travel time spent in this place.
 C = Inter-level travel time spent in this place.
 D = Time resting spent in this place.
 E = Time spent auto-exploring this place.
 F = Levels seen in this place.
 G = Mean time per level.
                   A        B        C        D        E       F      G
               +--------+--------+--------+--------+--------+-----+--------+
         Total |   2203 |   2203 |      0 |    450 |   1193 |   3 |  734.3 |
       Dungeon |   2203 |   2203 |      0 |    450 |   1193 |   3 |  734.3 |
               +--------+--------+--------+--------+--------+-----+--------+

Top non-repeatable levels by time:
     D:2: 1153 daAuts
     D:1: 757 daAuts
     D:3: 292 daAuts
